 Dungeon Crawl Stone Soup version 0.16.1-11-g651b585 (webtiles) character file.

111 LuckyCent the Covered (level 4, -1/42 HPs)
             Began as a Deep Dwarf Fighter on Apr 3, 2015.
             Was an Initiate of the Shining One.
             Slain by an adder (2 damage)
             ... on level 1 of the Dungeon.
             The game lasted 00:21:26 (3210 turns).

LuckyCent the Covered (Deep Dwarf Fighter)          Turns: 3210, Time: 00:21:26

Health: -1/42      AC:  7    Str: 20    XL:     4   Next: 62%
Magic:  4/4        EV:  8    Int:  9    God:    the Shining One [......]
Gold:   45         SH:  9    Dex: 12    Spells: 0 memorised, 3 levels left

rFire  . . .     SeeInvis .     a - +0 long sword
rCold  . . .     Clarity  .     b - +0 scale mail
rNeg   + . .     SustAb   .     c - +0 shield
rPois  .         Gourm    .     (no helmet)
rElec  .         Spirit   .     (no cloak)
rCorr  .         Warding  .     (no gloves)
rMut   .         Stasis   .     (no boots)
MR     .....                    (no amulet)
Stlth  ..........               (no ring)
                                x - ring of positive energy

@: lethally poisoned (-1 -> -1), non-regenerating, not resistant to hostile
enchantments, extremely unstealthy
A: damage resistance, recharge devices, sense surroundings 1, slow healing 3
a: Device Recharging, Renounce Religion


You were on level 1 of the Dungeon.
You worshipped the Shining One.
The Shining One was noncommittal.
You were not hungry.

You visited 1 branch of the dungeon, and saw 2 of its levels.

You collected 45 gold pieces.

Inventory:

Hand weapons
 a - a +0 long sword (weapon)
 f - a +0 mace
Missiles
 h - 19 bolts of frost
 r - 8 arrows of frost
Armour
 b - a +0 scale mail (worn)
 c - a +0 shield (worn)
 i - a +0 leather armour
 j - a +0 shield
 l - a +0 scale mail
 n - a +0 ring mail
 s - a +1 centaur barding
Jewellery
 x - a ring of positive energy (left hand)
Magical devices
 d - a wand of heal wounds (5)
Scrolls
 k - a scroll of immolation {unknown}
 m - 3 scrolls of magic mapping {unknown}
 p - a scroll of teleportation {unknown}
 q - a scroll of remove curse {unknown}
Potions
 e - 2 potions of might
 g - a potion of heal wounds
 t - a potion of haste {unknown}
 u - a potion of poison {unknown}
 w - a potion of agility {unknown}
 A - a potion of cure mutation {unknown}
Comestibles
 v - a meat ration
 z - a slice of pizza


   Skills:
 + Level 3.2 Fighting
 + Level 2.8 Long Blades
 + Level 4.0 Armour
 + Level 1.6 Dodging
 + Level 0.3 Stealth
 + Level 3.9 Shields


You had 3 spell levels left.
You didn't know any spells.

Dungeon Overview and Level Annotations

Branches:
Dungeon (2/15)

Altars:
Elyvilon
The Shining One


Innate Abilities, Weirdness & Mutations

You are resistant to damage.
You can recharge devices by infusing magical energy.
You passively map a small area around you.
You do not heal naturally.


Message History

Eat which item? (? for menu, Esc to quit)
That beef jerky was delicious!
You start waiting.
Done waiting.
An adder comes into view.
You block the adder's attack. The adder barely misses you.
The adder bites you but does no damage. The adder bites you.
* * * LOW HITPOINT WARNING * * *
You are poisoned.
The adder poisons you! You block the adder's attack.
The adder barely misses you. You block the adder's attack. The adder bites you.
You are more poisoned.
The adder poisons you! You block the adder's attack.
The adder bites you but does no damage. The adder bites you.
You die...

#.# #...........#...#
#########.######.##..#####.#.#.##
.................................
#########.######.##..#####.######
#.######.##..#####.######
#########.#......................
..................#........######
########..#.####..#........# .##
##.##.......@S.>.......#
..###...##..####)..).#####.######
...#.....#.......###)...........#
..###...##.#####.....##########.#
.#####.###.# #.....###.######.#
'##.##'###.# #................#
##...##.##.# #########.######.#
#.....##.#.# #.# #.# ...<.(.'##.#
#.## #.#


You could see an adder.

Vanquished Creatures
  A gnoll (D:1)
  5 adders (D:2)
  A giant gecko (D:2)
  7 bats
  7 giant cockroaches
  10 hobgoblins
  6 kobolds
  3 giant newts (D:1)
  3 goblins
  11 rats
54 creatures vanquished.

Notes
Turn   | Place    | Note
--------------------------------------------------------------
     0 | D:1      | LuckyCent, the Deep Dwarf Fighter, began the quest for the Orb.
     0 | D:1      | Reached XP level 1. HP: 20/20 MP: 1/1
   261 | D:1      | Reached XP level 2. HP: 16/27 MP: 2/2
   739 | D:1      | Reached XP level 3. HP: 13/34 MP: 3/3
  1203 | D:2      | Found a glowing golden altar of the Shining One.
  1203 | D:2      | Found a white marble altar of Elyvilon.
  1207 | D:2      | Became a worshipper of the Shining One
  1238 | D:2      | Reached skill level 1 in Dodging
  1574 | D:2      | Reached skill level 4 in Armour
  1574 | D:2      | Reached XP level 4. HP: 38/42 MP: 4/4
  1671 | D:2      | The Shining One protects you from harm!
  3204 | D:1      | HP: 1/42 [adder (3)]
  3210 | D:1      | Slain by an adder

Action                   |  1- 3 |  4- 6 || total
-------------------------+-------+-------++-------
Melee: Long sword        |   158 |    29 ||   187
  Use: Potion            |     1 |       ||     1
  Eat: Beef jerky        |     1 |     1 ||     2
       Bread ration      |     1 |       ||     1
